 Dungeon Crawl Stone Soup version 0.19.1 (webtiles) character file.

2585 JeffiDaFish the Blocker (level 9, 0/55 HPs)
             Began as a Gargoyle Fighter on Dec 10, 2016.
             Killed by nerve-wracking pain
             ... invoked by an orc priest
              (2 damage)
             ... on level 7 of the Dungeon.
             The game lasted 00:16:11 (4801 turns).

JeffiDaFish the Blocker (Gargoyle Fighter)          Turns: 4801, Time: 00:16:13

Health: 0/55       AC: 22    Str: 21    XL:     9   Next: 58%
Magic:  10/10      EV:  8    Int:  8    God:
Gold:   254        SH: 12    Dex: 14    Spells: 1 memorised, 9 levels left

rFire  + . .     SeeInvis .     o - +3 mace
rCold  + . .     Gourm    .     e - +0 chain mail
rNeg   + . .     Faith    .     c - +1 shield
rPois  ∞         Spirit   .     n - +2 helmet
rElec  +         Reflect  .     i - +2 cloak
rCorr  .         Harm     .     (no gloves)
MR     .....                    (no boots)
Stlth  ..........               g - amulet of regeneration
                                r - ring of protection from cold
                                k - ring of fire

@: no status effects
A: agile 1, cold resistance 1, negative energy resistance 1, electricity
resistance, unbreathing, petrification resistance, rot immunity, AC +5
a: no special abilities


You were on level 7 of the Dungeon.
You were not hungry.

You visited 1 branch of the dungeon, and saw 7 of its levels.
You also visited: Sewer.

You collected 254 gold pieces.

Inventory:

Hand Weapons
 o - a +3 mace (weapon)
Armour
 c - a +1 shield (worn)
 e - a +0 chain mail (worn)
 i - a +2 cloak (worn)
 n - a +2 helmet (worn)
Jewellery
 g - an amulet of regeneration (around neck)
 k - a ring of fire (left hand)
 r - a ring of protection from cold (right hand)
Scrolls
 a - 5 scrolls of identify
 m - a scroll of remove curse
 p - a scroll of blinking
Potions
 d - a potion of might
 s - a potion of magic
 u - 2 potions of flight
Books
 t - a book of Necromancy

   Spells                             Type                      Level
   a - Pain                           Necromancy                   1
   b - Animate Skeleton               Necromancy                   1
   c - Vampiric Draining              Necromancy                   3
   d - Regeneration                   Charms/Necromancy            3
   e - Animate Dead                   Necromancy                   4
   f - Control Undead                 Necromancy                   4
Comestibles
 b - 4 meat rations
 f - 5 bread rations
 h - 2 chunks of flesh
 l - 2 fruits
 q - 2 slices of pizza


   Skills:
 * Level 5.9 Fighting
 * Level 7.7 Maces & Flails
 * Level 6.4 Armour
 - Level 2.6 Dodging
 - Level 0.5 Stealth
 * Level 8.0 Shields
 + Level 1.0 Spellcasting
 + Level 0.5 Necromancy


You had 9 spell levels left.
You knew the following spells:

 Your Spells              Type           Power        Failure   Level  Hunger
a - Animate Skeleton      Necr           N/A          100%        1    ##.....


Dungeon Overview and Level Annotations

Branches:
Dungeon (7/15)
 Temple: D:4-7

Altars:
Trog


Innate Abilities, Weirdness & Mutations

You are resistant to torment.
Your stone body is resilient. (AC +5)
You are immune to poison.
You resist negative energy. (rN+)
You are resistant to electric shocks. (rElec)
You can survive without breathing.
You are immune to petrification.
You are immune to rotting.
You are agile. (Dex +2)
Your flesh is cold resistant. (rC+)


Message History

You are too injured to fight recklessly!
You are too injured to fight recklessly!
You are too injured to fight recklessly!
You hit the orc priest.
The orc priest is severely wounded.
You block the orc priest's attack.
The orc priest calls upon Beogh to heal the orc priest.
The orc priest is healed somewhat.
You hit the orc priest.
The orc priest is heavily wounded.
The orc priest hits you but does no damage.
The orc priest begins to cast a cantrip, but forgets the words!
You hit the orc priest.
The orc priest is severely wounded.
The orc priest mumbles some strange prayers to Beogh against you.
Beogh smites you!
* * * LOW HITPOINT WARNING * * *
The orc priest invokes the aid of Beogh against you.
Pain shoots through your body!
You die...

.........####
.........##<#
.........##.#
.........##.#
.....o..o##.#
..........#.#
..........#†#
.....O....#.#
###########'#@#.#
#...........oo#.#
#...............#
#.............###
#...............#
#.............#.....
#.............######
#.............#
#.............#


You could see 2 orc priests.

Vanquished Creatures
  Prince Ribbit (D:6)
  Sigmund (D:4)
  The ghost of draugkhelek the Caller, an amateur FeSu of Sif Muna (D:6)
  A sky beast (D:5)
  A phantom (D:6)
  A necrophage (D:6)
  2 ogres
  A centaur (D:5)
  A crocodile (Sewer)
  Blork the orc (D:6)
  3 bullfrogs (D:6)
  6 scorpions
  5 killer bees (D:7)
  2 howler monkeys (D:6)
  A crimson imp (D:6)
  A hound (D:5)
  A bullfrog skeleton (D:5)
  Crazy Yiuf (D:6)
  Natasha (thrice) (D:3)
  5 orc wizards
  7 worker ants
  A killer bee zombie (D:5)
  Robin (D:3)
  3 adders
  A shadow imp (D:5)
  2 worms (D:3)
  A dart slug (D:1)
  2 leopard geckos (D:4)
  29 orcs
  11 bats
  5 giant cockroaches
  4 hobgoblins
  4 jackals (D:3)
  3 kobolds
  2 quokkas
  A ball python (D:1)
  3 frilled lizards
  A giant cockroach zombie (D:5)
  11 goblins
  6 rats
137 creatures vanquished.

Notes
Turn   | Place    | Note
-------+----------+-------------------------------------------
     0 | D:1      | JeffiDaFish the Gargoyle Fighter began the quest for the Orb.
     0 | D:1      | Reached XP level 1. HP: 14/14 MP: 1/1
   259 | D:1      | Reached XP level 2. HP: 18/19 MP: 2/2
   724 | D:2      | Found a bloodstained altar of Trog.
   786 | D:2      | Reached XP level 3. HP: 21/23 MP: 3/3
  1461 | D:3      | Reached skill level 4 in Shields
  1461 | D:3      | Reached XP level 4. HP: 24/28 MP: 4/4
  1638 | D:3      | Noticed Natasha
  1656 | D:3      | Killed Natasha
  1656 | D:3      | Noticed Natasha
  1666 | D:3      | Killed Natasha
  1666 | D:3      | Reached XP level 5. HP: 23/33 MP: 5/5
  1750 | D:3      | Noticed Robin
  1765 | D:3      | Killed Robin
  1958 | D:3      | Noticed Natasha
  1966 | D:3      | Killed Natasha
  1966 | D:3      | Reached XP level 6. HP: 22/38 MP: 6/6
  2522 | D:4      | Found a glowing drain.
  2526 | Sewer    | Entered a sewer
  2586 | Sewer    | Reached skill level 1 in Dodging
  2586 | Sewer    | Reached skill level 5 in Shields
  3210 | D:4      | Noticed Sigmund
  3220 | D:4      | Killed Sigmund
  3220 | D:4      | Reached XP level 7. HP: 41/44 MP: 7/7
  3403 | D:5      | Entered Level 5 of the Dungeon
  3416 | D:5      | Reached skill level 5 in Armour
  3491 | D:5      | Reached skill level 5 in Maces & Flails
  3716 | D:5      | Reached XP level 8. HP: 44/48 MP: 8/8
  3954 | D:5      | Gained mutation: You are agile. (Dex +2) [potion of beneficial mutation]
  4029 | D:5      | Reached skill level 6 in Shields
  4138 | D:5      | Gained mutation: Your flesh is cold resistant. (rC+) [potion of beneficial mutation]
  4163 | D:6      | Noticed Blork the orc
  4166 | D:6      | Noticed Prince Ribbit
  4171 | D:6      | Killed Blork the orc
  4193 | D:6      | Killed Prince Ribbit
  4193 | D:6      | Reached skill level 5 in Fighting
  4241 | D:6      | Noticed draugkhelek's ghost (amateur FeSu)
  4251 | D:6      | Killed draugkhelek's ghost
  4251 | D:6      | Reached skill level 7 in Shields
  4251 | D:6      | Reached XP level 9. HP: 25/54 MP: 9/9
  4595 | D:6      | Learned a level 1 spell: Animate Skeleton
  4636 | D:6      | Found a runed door.
  4640 | D:6      | Noticed Crazy Yiuf
  4649 | D:6      | Killed Crazy Yiuf
  4743 | D:7      | Reached skill level 1 in Spellcasting
  4789 | D:7      | Reached skill level 8 in Shields
  4801 | D:7      | HP: 2/55 [orc priest/divine providence (15)]
  4801 | D:7      | Killed from afar by an orc priest

Skill      XL: |  1  2  3  4  5  6  7  8  9 |
---------------+----------------------------+-----
Armour         | 4 5 6 |  6.4
Shields        | 4 5 7 8 |  8.0
Maces & Flails | 3 4 5 7 |  7.7
Fighting       | 4 5 |  5.9
Dodging        | 1 2 |  2.6
Spellcasting   | 1 |  1.0
Stealth        | |  0.5
Necromancy     | |  0.5

Action                   |  1- 3 |  4- 6 |  7- 9 || total
-------------------------+-------+-------+-------++-------
Melee: Flail             |   137 |   123 |       ||   260
       Mace              |       |    95 |   311 ||   406
  Use: Scroll            |     2 |     7 |     3 ||    12
       Potion            |       |     5 |     4 ||     9
  Eat: Chunk             |     2 |     6 |     6 ||    14
Armor: Chain mail        |   104 |   209 |   235 ||   548
       Scale mail        |     1 |       |       ||     1
Dodge: Dodged            |    21 |    79 |    79 ||   179
Block: Shield            |    53 |   166 |   208 ||   427
